 Dungeon Crawl Stone Soup version 0.30-a0-859-gf88a04b (webtiles) character file.

Game seed: 6408507984871999719

689 Think the Nimble (level 7, -1/46 HPs)
             Began as an Octopode Fighter on Mar 6, 2023.
             Was an Initiate of Okawaru.
             Slain by a sleepcap (21 damage)
             ... on level 4 of the Dungeon.
             The game lasted 00:07:02 (3830 turns).

Think the Nimble (Octopode Fighter)                 Turns: 3830, Time: 00:07:03

Health: -1/46      AC:  1    Str: 15    XL:     7   Next: 63%
Magic:  7/7        EV:  2    Int: 10    God:    Okawaru [......]
Gold:   217        SH:  0    Dex: 14    Spells: 6/6 levels left

rFire   . . .      SeeInvis .    h - +3 dagger (speed)
rCold   . . .      Faith    .    e - +3 warlock's mirror {omnireflect}
rNeg    . . .      Spirit   .    (helmet restricted)
rPois   .          Reflect  +    (no amulet)
rElec   .          Rampage  .    (no ring)
rCorr   .                        (no ring)
Will    .....                    (no ring)
Stlth   ++                       (no ring)
HPRegen 0.27/turn                (no ring)
MPRegen 0.10/turn                (no ring)
                                 (no ring)
                                 (no ring)

@: sleeping
A: almost no armour, amphibious, 8 rings, camouflage 1, gelatinous body 1,
(nimble swimmer 1), tentacles
a: Renounce Religion


You were on level 4 of the Dungeon.
You worshipped Okawaru.
Okawaru was noncommittal.
You visited 2 branches of the dungeon, and saw 5 of its levels.

You collected 217 gold pieces.

Inventory:

Hand Weapons
 a - a +0 long sword
 h - a +3 dagger of speed (weapon)
Armour
 b - a +1 buckler
 e - the +3 warlock's mirror (worn) {omnireflect}
   (You acquired it on level 3 of the Dungeon)

   Omnireflect: It can block and reflect piercing ranged attacks and magical
   attacks against the wielder's willpower.
Wands
 r - a wand of digging (4)
Scrolls
 d - 3 scrolls of teleportation
 f - a scroll of amnesia {unknown}
 i - a scroll of enchant weapon
 j - a scroll of fog
 k - a scroll of noise
 l - a scroll of enchant armour
 n - 2 scrolls of identify {unknown}
 q - a scroll of fear {unknown}
Potions
 c - a potion of ambrosia {unknown}
 g - a potion of curing
 m - a potion of degeneration {unknown}
 o - 2 potions of lignification {unknown}
 p - a potion of might


   Skills:
 + Level 3.3 Fighting
 * Level 1.8(2.2) Short Blades
 - Level 2.0(2.3) Long Blades
 + Level 8.1 Dodging
 + Level 3.3 Shields


You had 6 spell levels left.
You didn't know any spells.
Your spell library contained the following spells:

 Spells                   Type           Power      Damage    Failure   Level
 Apportation              Tloc           0%         N/A       45%         1
 Necrotise                Necr           0%         1d4       45%         1
 Summon Small Mammal      Summ           Unusable   N/A       N/A         1

Dungeon Overview and Level Annotations

Branches:
Dungeon (4/15)             Temple (1/1) D:4

Altars:
Ashenzari
Cheibriados
Dithmenos
Elyvilon
Fedhas
Hepliaklqana
Kikubaaqudgha
Makhleb
Nemelex Xobeh
Okawaru
Qazlal
Ru
Sif Muna
Trog
Wu Jian
Xom
Yredelemnul
Zin
The Shining One

Shops:
D:2 ?   D:4 ?

Annotations:
D:2 Natasha


Innate Abilities, Weirdness & Mutations

You cannot wear most types of armour.
You are amphibious.
You can wear up to eight rings at the same time.
Your skin changes colour to match your surroundings (Stealth+).
Your rubbery body absorbs attacks. (AC +1, EV +1)
((You are camouflaged when in or above water. (Stealth+)))
You have tentacles for arms and can constrict up to eight enemies at once.


Message History

The phantom hits you.
* * * LOW HITPOINT WARNING * * *
The phantom blinks!
You blink.
You are too injured to fight recklessly!
You are too injured to fight recklessly!
You are too injured to fight recklessly!
You are too injured to fight recklessly!
You are too injured to fight recklessly!
You are too injured to fight recklessly!
You closely miss the phantom. You squeeze the phantom.
The phantom is severely damaged.
The phantom hits you.
* * * LOW HITPOINT WARNING * * *
You hit the phantom.
The phantom is almost destroyed.
The phantom barely misses you.
You barely miss the phantom.
The phantom is severely damaged.
You puncture the phantom!
You destroy the phantom!
Okawaru is honoured by your kill.
You start resting.
A sleepcap comes into view.
You feel a little less mighty now.
You see here a hobgoblin skeleton.
Found an ivory wand.
Found a brass wand.
r - a wand of digging (4)
The sleepcap misses you.
You hit the sleepcap. You grab the sleepcap. You squeeze the sleepcap.
The sleepcap is lightly damaged.
You constrict the sleepcap. You hit the sleepcap but do no damage.
The sleepcap is lightly damaged.
You constrict the sleepcap. The sleepcap releases spores at you.
You are engulfed in a cloud of soporific spores!
You fall asleep.
You lose your grip on the sleepcap.
The sleepcap releases spores at you!!
You die...

... #............. ..#
..............
####..#### ............
....../...........#..##.
.........##......###. ##
.........##......# #.###
.................# #....
.................# ##..>
####..@.#......#####...
###f##.##.##...##...
###.........#........
#......÷........####.
....#..⌠...⌠..#........
.....#.........#....#...
..........>...........#.
.....#....†....#...#####
##..##..⌠...⌠..#..## #


You could see a sleepcap.

Vanquished Creatures
  2 black bears (D:4)
  2 phantoms
  A scorpion (D:4)
  A jelly (D:3)
  A hound (D:4)
  An orc priest (D:3)
  Natasha (D:2)
  8 adders
  2 dart slugs
  10 orcs
  6 bats
  9 endoplasms
  3 giant cockroaches
  4 goblins
  7 hobgoblins
  15 jackals
  3 quokkas
  5 ball pythons
  5 frilled lizards
  9 kobolds
  9 rats
104 creatures vanquished.

Notes
Turn   | Place    | Note
-------+----------+-------------------------------------------
     0 | D:1      | Think the Octopode Fighter began the quest for the Orb.
     0 | D:1      | Reached XP level 1. HP: 16/16 MP: 1/1
   152 | D:1      | Reached XP level 2. HP: 20/21 MP: 2/2
   398 | D:1      | Reached skill level 4 in Dodging
   724 | D:2      | Found Iracvook's Magic Scroll Shoppe.
   728 | D:2      | Reached XP level 3. HP: 26/26 MP: 3/3
   919 | D:2      | Reached XP level 4. HP: 22/31 MP: 4/4
  1003 | D:2      | Reached skill level 5 in Dodging
  1229 | D:2      | Noticed Natasha
  1230 | D:2      | Noticed a phantom
  1245 | D:2      | Killed a phantom
  1246 | D:2      | Reached skill level 6 in Dodging
  1246 | D:2      | Reached XP level 5. HP: 8/36 MP: 5/5
  1247 | D:2      | Killed Natasha
  1665 | D:2      | Noticed Natasha
  2002 | D:2      | Reached XP level 6. HP: 42/42 MP: 6/6
  2625 | D:3      | Reached skill level 7 in Dodging
  2743 | D:3      | Found a shimmering blue altar of Sif Muna.
  2748 | D:3      | Identified a scroll of acquirement
  2748 | D:3      | Acquired the +3 warlock's mirror {omnireflect}
  2748 | D:3      | Found the +3 warlock's mirror {omnireflect}
  3294 | D:4      | Found a white marble altar of Elyvilon.
  3339 | D:4      | Found Cuhorch's Magic Scroll Shop.
  3400 | D:4      | Found a staircase to the Ecumenical Temple.
  3400 | D:4      | Noticed a black bear
  3413 | D:4      | Killed a black bear
  3414 | D:4      | Reached skill level 8 in Dodging
  3414 | D:4      | Reached XP level 7. HP: 29/46 MP: 7/7
  3495 | Temple   | Entered the Ecumenical Temple
  3648 | Temple   | Became a worshipper of Warmaster Okawaru
  3760 | D:4      | Reached skill level 1 in Short Blades
  3830 | D:4      | Slain by a sleepcap

Illustrated notes

Levels and vault maps discovered:
D:1:      lemuel_arrival_room, layout_loops_ring
D:2:      kb_forest_paths, layout_loops_corners, serial_shops, shop,
          nicolae_half_adder, uniq_natasha
D:3:      layout_loops_ring, lemuel_tele_altar
D:4:      layout_rooms, elyvilon_altar_3, general_overflow_altar,
          minmay_temple_entry_large_hall, serial_shops, nicolae_shop_stone
Temple:   minmay_temple_bridge_d

Skill      XL: |  1  2  3  4  5  6  7 |
---------------+----------------------+-----
Dodging        | 4 6 8 |  8.1
Short Blades   | 1 |  1.8
Fighting       | |  3.3
Long Blades    | |  2.0
Shields        | |  3.3

Action                     |  1- 3 |  4- 6 |  7- 9 || total
---------------------------+-------+-------+-------++-------
  Melee: Long sword        |    32 |       |       ||    32
         Constrict         |    15 |    36 |     4 ||    55
         Tentacles         |    11 |    37 |     6 ||    54
         Dagger            |    27 |   161 |    22 ||   210
         Punch             |       |     3 |     1 ||     4
    Use: Potion            |       |     3 |     1 ||     4
         Scroll            |       |     8 |       ||     8
   Stab: Sleeping          |     7 |    12 |       ||    19
         Distracted        |       |     1 |       ||     1
 Armour: Skin              |     4 |     1 |       ||     5
  Dodge: Dodged            |    36 |    64 |     9 ||   109
  Block: Buckler           |     5 |    32 |     7 ||    44

Table legend: (Time is in decaauts)
 A = Elapsed time spent in this place.
 B = Non-inter-level travel time spent in this place.
 C = Inter-level travel time spent in this place.
 D = Time resting spent in this place.
 E = Time spent auto-exploring this place.
 F = Levels seen in this place.
 G = Mean time per level.
                   A        B        C        D        E       F      G
               +--------+--------+--------+--------+--------+-----+--------+
         Total |   3759 |   3551 |    208 |    409 |   2530 |   5 |  751.8 |
       Dungeon |   3501 |   3315 |    186 |    409 |   2311 |   4 |  875.2 |
        Temple |    258 |    236 |     22 |      0 |    219 |   1 |  258.0 |
               +--------+--------+--------+--------+--------+-----+--------+

Top non-repeatable levels by time:
     D:2: 1361 daAuts
     D:3: 941 daAuts
     D:1: 733 daAuts
     D:4: 465 daAuts
  Temple: 258 daAuts
